 Seeded DCSS version 0.30-a0-134-gb40fab5c76 (webtiles) character file.

Game seed: 17246712331252751712 (custom seed)

7 wilfster70 the Trooper (level 2, 15/19 HPs)
             Began as a Gargoyle Fighter on Sept 19, 2022.
             Quit the game on level 1 of the Dungeon.
             The game lasted 00:01:06 (127 turns).

wilfster70 the Trooper (Gargoyle Fighter)            Turns: 127, Time: 00:01:06

Health: 15/19      AC: 11    Str: 19    XL:     2   Next: 0%
Magic:  2/2        EV:  9    Int:  8    God:
Gold:   10         SH:  7    Dex:  9    Spells: 1/1 levels left

rFire   . . .      SeeInvis .    a - +0 trident
rCold   . . .      Faith    .    f - +3 warlock's mirror {reflect}
rNeg    + . .      Spirit   .    b - +0 scale mail
rPois   ∞          Reflect  +    (no helmet)
rElec   +          Harm     .    (no cloak)
rCorr   +          Rampage  .    e - +1 pair of gloves of Elyvilon's Castigation {rCorr}
Will    .....                    (no boots)
Stlth   ..........               (no amulet)
HPRegen 0.06/turn                (no ring)
MPRegen 0.08/turn                (no ring)

@: no status effects
A: sickness immunity, AC +2, negative energy resistance 1, electricity
resistance, torment resistance 1, petrification resistance
a: no special abilities


You were on level 1 of the Dungeon.
You visited 1 branch of the dungeon, and saw 1 of its levels.

You collected 10 gold pieces.

Inventory:

Hand Weapons
 a - a +0 trident (weapon)
Armour
 b - a +0 scale mail (worn)
 e - the +1 pair of gloves of Elyvilon's Castigation (worn) {rCorr}
   (You acquired it on level 1 of the Dungeon)

   rCorr:     It protects you from acid and corrosion.
 f - the +3 warlock's mirror (worn) {reflect}
   (You acquired it on level 1 of the Dungeon)

   It can block and reflect piercing ranged attacks and magical attacks against
   the wielder's willpower.
Potions
 d - a potion of might


   Skills:
 + Level 3.4 Fighting
 * Level 2.0 Polearms
 + Level 3.4 Armour
 + Level 3.4 Shields


You had one spell level left.
You didn't know any spells.
Your spell library was empty.

Dungeon Overview and Level Annotations

Branches:
Dungeon (1/15)

Altars:


Innate Abilities, Weirdness & Mutations

You are immune to sickness and miasma.
Your stone body is resilient. (AC +2)
You are immune to poison.
You resist negative energy. (rN+)
You are resistant to electric shocks. (rElec)
You are resistant to unholy torment.
You are immune to petrification.


Message History

Found a robe.
A rat comes into view.
Found a scroll of acquirement and 10 gold pieces.
The rat twitches its whiskers.
You barely miss the rat. The rat bites you but does no damage.
You puncture the rat!
You kill the rat!
No target in view!
You see here a rat corpse.
f - a scroll of acquirement Something appears at your feet!
f - the +3 warlock's mirror {reflect} You start removing your armour.
You continue taking off your +0 buckler. x4
You finish taking off your +0 buckler.
You start putting on your armour.
You continue putting on the +3 warlock's mirror {reflect}. x4
HP restored.
You continue putting on the +3 warlock's mirror {reflect}.
You finish putting on the +3 warlock's mirror {reflect}.
You drop a +0 buckler.
You now have 10 gold pieces.
You see here a +0 buckler.
A kobold comes into view. It is wielding a +0 short sword.
The kobold shouts!
A kobold is nearby!
The kobold throws a stone.
The stone hits you but does no damage.
Found 17 gold pieces.
Found a scroll labelled VUCICEKHAF.
You completely miss the kobold.
The kobold hits you with a +0 short sword. x2
You closely miss the kobold. The kobold closely misses you.
You barely miss the kobold. You block the kobold's attack.
You puncture the kobold!
You kill the kobold!
You have reached level 2!
Welcome back, wilfster70 the Gargoyle Fighter.
Game seed: 17246712331252751712 (custom seed) Press ? for a list of commands and other information.
Are you sure you want to abandon this character and quit the game? (Confirm with "yes".)

#.....[ ?...$ ####......
#...# #...†..... #.#.#
#.##...... #.#.#
##.#....... #.#.#
#..#.###### #.#.# ##.##.#
######.#.####.....#
......(@........###
######.#.##...###
...#.##.###### #.#
#.###.#........# #.# #.
##.#.#......# #.# #
#.##..#.#......# ##.##
..##..........>...# ##...##
........##..[....#
##.....#####..#.........###


There were no monsters in sight!

Vanquished Creatures
  A bat (D:1)
  2 endoplasms (D:1)
  A quokka (D:1)
  A kobold (D:1)
  A rat (D:1)
6 creatures vanquished.

Notes
Turn   | Place    | Note
-------+----------+-------------------------------------------
     0 | D:1      | wilfster70 the Gargoyle Fighter began the quest for the
                  | Orb.
     0 | D:1      | Reached XP level 1. HP: 14/14 MP: 1/1
    39 | D:1      | Identified a scroll of acquirement
    39 | D:1      | Acquired the +1 pair of gloves of Elyvilon's Castigation
                  | {rCorr}
    86 | D:1      | Acquired the +3 warlock's mirror {reflect}
    86 | D:1      | Found the +3 warlock's mirror {reflect}
   127 | D:1      | Reached XP level 2. HP: 15/19 MP: 2/2
   127 | D:1      | Quit the game

Illustrated notes

Levels and vault maps discovered:
D:1:      evilmike_arrival_plus, layout_rooms

Skill      XL: |  1 |
---------------+----+-----
Polearms       | 2 |  2.0
Fighting       | |  3.4
Armour         | |  3.4
Shields        | |  3.4

Action                   || total
-------------------------++-------
Melee: Trident           ||    20
  Use: Scroll            ||     2
Armor: Scale mail        ||     7
Dodge: Dodged            ||     7
Block: Buckler           ||     3

Table legend: (Time is in decaauts)
 A = Elapsed time spent in this place.
 B = Non-inter-level travel time spent in this place.
 C = Inter-level travel time spent in this place.
 D = Time resting spent in this place.
 E = Time spent auto-exploring this place.
 F = Levels seen in this place.
 G = Mean time per level.
                   A        B        C        D        E       F      G
               +--------+--------+--------+--------+--------+-----+--------+
         Total |    131 |    131 |      0 |      0 |     13 |   1 |  131.0 |
       Dungeon |    131 |    131 |      0 |      0 |     13 |   1 |  131.0 |
               +--------+--------+--------+--------+--------+-----+--------+

Top non-repeatable levels by time:
     D:1: 131 daAuts
